Map: Pillars of Gold LE

Players

Reynor - Winner!

  • Race: Zerg Zerg
  • Spawn Location: 1:00

HeRoMaRinE

  • Race: Terran Terran
  • Spawn Location: 7:00

Event: IEM Katowice 2021

VOD

Have the link to the VOD?

Description

Time

  • Played on: Feb. 24, 2021, 11:12 a.m.
  • Length: 17:44

All games in this series

Show
View Real Time Build Order
Export as new Build Order

Reynor Zerg - Winner!

Build Orders: Hatch First, Lurkers 

Get SALT Encoding   

  12  0:00  Drone  
  13  0:12  Overlord  
  13  0:17  Drone  
  14  0:31  Drone x2  
  16  0:50  Hatchery  
  16  0:53  Drone  
  16  0:57  Drone  
  16  1:00  Drone  
  18  1:12  Extractor  
  18  1:16  Spawning Pool  
  16  1:19  Drone  
  16  1:23  Drone  
  18  1:28  Drone  
  19  1:39  Drone  
  20  1:49  Overlord  
  20  2:03  Queen x2  
  20  2:04  Zergling x4  
  26  2:11  Drone  
  26  2:12  Drone  
  28  2:22  Drone  
  29  2:23  Drone  
  29  2:28  Spore Crawler  
  30  2:39  Hatchery, Drone  
  30  2:42  Drone  
  31  2:48  Queen  
  33  2:53  Metabolic Boost  
  33  2:57  Overlord  
  33  3:00  Drone  
  33  3:01  Drone  
  33  3:04  Drone  
  36  3:16  Drone x5  
  41  3:23  Overlord  
  41  3:24  Drone  
  42  3:28  Queen  
  42  3:33  Overlord  
  44  3:42  Drone x2  
  44  3:44  Queen  
  44  3:46  Drone x3  
  51  3:49  Zergling x2  
  51  3:50  Zergling x2  
  51  3:53  Overlord  
  53  3:57  Drone  
  53  3:58  Drone  
  53  3:59  Drone  
  53  4:02  Overlord  
  56  4:06  Drone  
  57  4:11  Queen  
  57  4:16  Drone x3  
  62  4:17  Overlord  
  62  4:21  Baneling Nest  
  62  4:22  Drone  
  62  4:24  Zergling x4  
  64  4:29  Queen  
  64  4:30  Drone x2  
  68  4:32  Drone  
  68  4:36  Lair  
  69  4:38  Spine Crawler  
  69  4:40  Drone  
  69  4:42  Drone x2  
  69  4:44  Drone  
  72  4:46  Extractor  
  72  4:47  Drone x2  
  73  4:54  Evolution Chamber  
  73  4:55  Zergling x6  
  73  4:56  Evolution Chamber  
  73  4:58  Drone x2  
  76  5:00  Overlord  
  76  5:02  Overlord  
  76  5:03  Drone  
  76  5:06  Baneling x3  
  76  5:07  Baneling  
  77  5:10  Drone x2  
  77  5:11  Overlord  
  79  5:17  Drone  
  79  5:18  Drone x2  
  79  5:19  Drone x2  
  79  5:20  Queen  
  86  5:22  Drone  
  87  5:30  Hatchery  
  87  5:31  Drone  
  87  5:32  Drone  
  87  5:33  Drone  
  89  5:36  Drone x2  
  89  5:37  Drone x2  
  89  5:41  Extractor  
  89  5:42  Extractor, Drone  
  92  5:43  Extractor, Centrifical Hooks  
  92  5:49  Spore Crawler  
  90  5:53  Drone x2, Spore Crawler  
  90  5:56  Drone, Spore Crawler  
  91  5:57  Drone  
  91  5:58  Spore Crawler  
  91  6:00  Drone x5  
  91  6:03  Overlord  
  96  6:04  Drone x2  
  96  6:10  Overlord, Drone  
  99  6:12  Drone  
  99  6:13  Drone  
  101  6:18  Zerg Ground Armor Level 1  
  101  6:23  Zergling x8, Spore Crawler  
  104  6:26  Pneumatized Carapace  
  104  6:29  Hatchery, Drone x2  
  104  6:31  Drone  
  104  6:32  Overlord  
  106  6:34  Drone x2  
  106  6:35  Drone  
  110  6:40  Zergling x2  
  110  6:42  Queen  
  110  6:43  Zergling x2  
  112  6:47  Drone x3  
  112  6:48  Zergling x4  
  112  6:49  Zergling x2, Baneling x4  
  112  6:52  Zergling x6  
  121  6:57  Zergling x4  
  121  7:00  Overlord, Spore Crawler  
  122  7:01  Overseer  
  122  7:02  Zergling x2  
  122  7:06  Zergling x2  
  122  7:08  Zergling x2  
  125  7:10  Zergling x2, Baneling x7  
  125  7:13  Overlord  
  125  7:15  Zergling x2  
  127  7:18  Zergling x2  
  127  7:21  Overlord  
  127  7:22  Zergling x8  
  131  7:23  Zergling x8  
  131  7:24  Overlord  
  135  7:32  Overlord  
  135  7:35  Zergling x6  
  136  7:37  Zergling x4  
  136  7:40  Overlord, Baneling x9  
  136  7:41  Zergling x2  
  139  7:45  Queen  
  139  7:46  Queen x2  
  139  7:49  Zergling x8  
  139  7:51  Zergling x10  
  153  7:52  Zergling x2  
  153  7:55  Zergling x2  
  153  7:56  Baneling x10  
  153  7:58  Zergling x10  
  161  8:00  Overlord  
  161  8:01  Zergling x6  
  161  8:03  Zergling x2  
  165  8:05  Zergling x2  
  165  8:07  Overlord  
  165  8:10  Zergling x4  
  159  8:14  Zergling x2  
  159  8:16  Zergling x2  
  159  8:17  Zergling x2  
  132  8:20  Zergling x4  
  132  8:21  Zergling x12  
  132  8:26  Zergling x4  
  136  8:32  Zerg Ground Armor Level 2  
  136  8:33  Extractor, Baneling, Zerg Melee Weapons Level 1, Infestation Pit  
  136  8:34  Zergling x16, Baneling x9  
  134  8:36  Zergling x2  
  134  8:37  Zergling x2  
  144  8:42  Drone x2  
  144  8:47  Drone  
  147  8:49  Drone x2  
  147  8:50  Spore Crawler  
  147  8:51  Zergling x2, Spore Crawler  
  147  8:53  Baneling  
  147  8:54  Zergling x2, Baneling x7  
  149  9:01  Zergling x14  
  156  9:03  Overlord  
  156  9:04  Queen  
  156  9:06  Zergling x6  
  156  9:07  Zergling x2  
  156  9:08  Zergling x6  
  156  9:09  Baneling x6  
  165  9:13  Zergling x6  
  165  9:14  Zergling x4  
  165  9:16  Baneling x2  
  170  9:18  Zergling x4  
  170  9:22  Overlord  
  170  9:24  Zergling x6, Hatchery  
  157  9:33  Zergling x2  
  157  9:34  Zergling x12  
  157  9:37  Zergling x6  
  153  9:39  Baneling x6  
  153  9:42  Zergling x6  
  153  9:43  Baneling  
  153  9:44  Baneling x7  
  153  9:45  Zergling x2  
  153  9:47  Zergling x2  
  153  9:48  Hive  
  140  9:53  Zergling x6  
  140  9:59  Drone x3  
  141  10:02  Zergling x2  
  141  10:09  Zergling x10  
  141  10:11  Drone  
  141  10:13  Hydralisk Den  
  146  10:15  Zergling x6  
  146  10:16  Baneling x4  
  146  10:17  Zergling x2, Baneling  
  146  10:20  Zergling x6  
  152  10:24  Zergling x4  
  146  10:33  Zergling x24  
  156  10:43  Zergling x12  
  156  10:48  Zergling x16, Queen  
  169  10:51  Zergling x2  
  169  10:53  Baneling x16  
  169  10:57  Zergling x2  
  169  11:02  Zergling x18  
  176  11:06  Viper x2  
  176  11:08  Zergling x4  
  176  11:09  Hydralisk  
  176  11:10  Zergling x2  
  186  11:12  Baneling  
  186  11:13  Baneling  
  186  11:15  Overlord  
  186  11:16  Adrenal Glands  
  185  11:20  Zergling x16  
  178  11:26  Hydralisk  
  178  11:27  Zergling x6  
  178  11:30  Hydralisk  
  162  11:33  Hydralisk x3  
  162  11:35  Muscular Augments  
  162  11:37  Hydralisk x3  
  162  11:38  Zergling x2  
  173  11:40  Queen  
  173  11:41  Drone x3  
  173  11:44  Hydralisk, Zergling x2  
  173  11:45  Zergling x4  
  183  11:49  Drone x3  
  183  11:51  Spore Crawler  
  183  11:52  Hydralisk, Spore Crawler  
  183  11:53  Lurker Den  
  185  11:55  Zergling x2  
  185  12:01  Zergling x14  
  190  12:08  Hydralisk x3  
  190  12:13  Zergling x6  
  190  12:14  Zergling x4  
  198  12:26  Zerg Missile Weapons Level 1  
  196  12:32  Drone x5  
  196  12:34  Extractor  
  196  12:35  Extractor  
  192  12:41  Drone  
  192  12:42  Drone x3, Queen  
  187  12:51  Lurker x8  
  187  12:52  Lurker  
  192  12:58  Zergling x2  
  192  12:59  Zergling x12  
  198  13:11  Hydralisk  
  198  13:12  Zergling x16, Hatchery  
  195  13:13  Zergling x12  
  195  13:18  Zergling x12  
  184  13:22  Hydralisk  
  184  13:24  Viper x2  
  187  13:28  Zergling x14  
  187  13:29  Spore Crawler x2  
  187  13:30  Spore Crawler  
  187  13:31  Hydralisk  
  188  13:34  Hydralisk  
  188  13:35  Zergling x4  
  188  13:36  Queen  
  182  13:41  Hydralisk  
  182  13:42  Zergling x6  
  182  13:43  Zergling x2  
  182  13:47  Hydralisk  
  182  13:48  Zergling x2  
  165  13:50  Hydralisk  
  165  13:51  Zergling x2  
  165  13:54  Zergling x2  
  166  13:56  Zergling x10  
  171  14:03  Zergling x4  
  171  14:06  Adaptive Talons  
  171  14:07  Zergling x6, Lurker x2  
  178  14:10  Drone  
  178  14:13  Extractor, Drone  
  178  14:14  Lurker  
  178  14:15  Baneling x2  
  178  14:16  Spore Crawler  
  179  14:18  Extractor, Drone x3  
  179  14:20  Baneling x3  
  179  14:21  Drone  
  182  14:24  Zergling x14  
  182  14:28  Zergling x4  
  182  14:31  Zergling x8  
  191  14:34  Zergling x2  
  191  14:36  Zergling x2  
  181  14:40  Zergling x14  
  181  14:41  Zergling x2  
  181  14:44  Hydralisk  
  167  14:46  Zergling x2  
  167  14:48  Hydralisk  
  164  14:56  Zergling x12  
  164  14:58  Zerg Missile Weapons Level 2  
  164  14:59  Drone, Zerg Ground Armor Level 3  
  171  15:02  Hydralisk x2  
  171  15:05  Drone x3  
  171  15:06  Drone  
  171  15:07  Zergling x2, Hydralisk  
  177  15:16  Zergling x6  
  177  15:17  Seismic Spines  
  177  15:21  Hydralisk  
  175  15:22  Zergling x2, Hydralisk x2  
  175  15:24  Zergling x6  
  161  15:28  Zergling x2  
  161  15:29  Zergling x4  
  161  15:31  Drone  
  161  15:32  Drone x5, Queen  
  169  15:37  Hydralisk  
  169  15:38  Zergling x10  
  169  15:39  Zergling x2  
  177  15:43  Zergling x2  
  177  15:46  Zergling x4  
  177  15:48  Lurker x5  
  187  15:50  Zergling x6  
  187  15:51  Hatchery  
  187  15:53  Baneling  
  187  15:54  Drone, Baneling x6  
  187  15:56  Drone x2  
  190  16:02  Zergling x2  
  190  16:03  Zergling x10  
  195  16:08  Zergling x6  
  195  16:10  Hydralisk  
  200  16:13  Zergling x4  
  200  16:14  Zergling x2  
  200  16:15  Zergling x4  
  200  16:17  Hydralisk, Zergling x2  
  200  16:18  Zergling x8  
  189  16:20  Drone x2  
  189  16:21  Drone  
  189  16:24  Drone x3, Queen  
  192  16:26  Lurker  
  192  16:28  Zergling x2  
  193  16:34  Zergling x2  
  193  16:35  Zergling x8  
  193  16:37  Lurker x4  
  193  16:38  Zergling x2  
  197  16:43  Zergling x6  
  179  16:54  Hydralisk  
  179  16:55  Zergling x24  
  173  17:02  Hydralisk  
  173  17:05  Queen  
  173  17:06  Drone x3  
  173  17:07  Drone x3  
  181  17:10  Lurker x2  
  181  17:12  Zergling x2  
  181  17:13  Drone x3  
  189  17:21  Zergling x6  
  189  17:22  Zergling x2  
  197  17:24  Zergling x2  
  197  17:27  Baneling x5  
Show
View Real Time Build Order
Export as new Build Order

HeRoMaRinE Terran 

Build Orders: 2 Factory, Reaper Expand 

Get SALT Encoding   

  12  0:00  SCV  
  13  0:12  SCV  
  14  0:17  Supply Depot  
  14  0:24  SCV  
  15  0:39  SCV  
  15  0:40  Barracks  
  16  0:44  Refinery  
  16  0:51  SCV  
  17  1:03  SCV  
  18  1:15  SCV  
  19  1:28  Reaper, Orbital Command  
  20  1:41  Command Center  
  20  1:51  Supply Depot  
  20  1:53  SCV  
  21  1:59  Marine  
  22  2:05  SCV  
  23  2:10  Factory  
  23  2:18  SCV  
  23  2:22  Barracks Reactor  
  24  2:30  SCV  
  25  2:43  SCV  
  26  2:45  Command Center  
  26  2:55  SCV, Orbital Command  
  27  3:04  Factory  
  27  3:07  Hellion  
  27  3:10  Marine  
  30  3:14  Hellion  
  30  3:16  SCV  
  33  3:22  SCV  
  33  3:23  Refinery  
  34  3:28  SCV  
  34  3:29  Barracks Tech Lab  
  35  3:34  SCV  
  35  3:35  Hellion  
  35  3:38  Hellion  
  35  3:41  SCV  
  41  3:46  SCV  
  42  3:53  SCV  
  43  3:57  Marine  
  43  3:58  SCV, Orbital Command  
  45  4:05  Hellion, SCV  
  45  4:08  Hellion  
  50  4:10  SCV  
  50  4:16  Barracks  
  51  4:17  SCV  
  51  4:22  Stimpack, Marine, Supply Depot, SCV  
  54  4:25  SCV  
  54  4:29  SCV  
  56  4:31  Factory Reactor  
  56  4:35  SCV  
  56  4:36  Barracks  
  56  4:37  SCV  
  58  4:40  Marine  
  58  4:41  SCV  
  58  4:43  Starport  
  58  4:45  Factory Reactor  
  60  4:46  Supply Depot  
  60  4:47  SCV  
  60  4:50  SCV  
  62  4:53  SCV  
  62  4:54  Supply Depot  
  62  4:58  Refinery  
  62  4:59  SCV  
  64  5:00  Refinery  
  64  5:02  SCV  
  64  5:05  SCV  
  66  5:07  Engineering Bay  
  66  5:11  SCV  
  66  5:12  Engineering Bay  
  66  5:14  SCV  
  68  5:15  Marine x3  
  68  5:16  Factory Tech Lab  
  68  5:17  SCV  
  72  5:23  SCV  
  72  5:27  Supply Depot  
  74  5:28  Factory Tech Lab  
  74  5:29  Supply Depot  
  74  5:31  Medivac x2  
  74  5:34  Marine  
  74  5:35  Marine  
  80  5:36  SCV  
  80  5:40  Marine  
  78  5:43  Terran Infantry Weapons Level 1, Terran Infantry Armor Level 1  
  78  5:44  SCV  
  78  5:48  SCV, Marine x2, Orbital Command  
  82  5:52  Marine x2  
  82  5:57  SCV  
  85  5:58  Marine  
  85  5:59  Siege Tank  
  85  6:00  SCV  
  85  6:02  Supply Depot  
  90  6:05  Siege Tank  
  90  6:06  Marine  
  90  6:09  SCV  
  95  6:11  Marine  
  95  6:12  SCV, Marine x2  
  95  6:14  SCV  
  100  6:21  SCV  
  100  6:23  Supply Depot x2, Marine  
  100  6:24  SCV  
  103  6:28  Supply Depot, Combat Shield  
  103  6:29  Medivac  
  105  6:38  Barracks x2  
  105  6:39  SCV x3  
  108  6:40  Marine  
  107  6:48  Marine  
  107  6:49  Marine x3  
  107  6:51  SCV, Siege Tank  
  115  6:54  Siege Tank  
  115  6:58  Marine  
  115  6:59  Armory  
  119  7:02  Refinery x2  
  119  7:06  Marine x3  
  122  7:09  Marine  
  123  7:16  Marine  
  123  7:21  Medivac x2  
  128  7:23  Siege Tank  
  128  7:24  Marine x2  
  128  7:29  Supply Depot, Marine x2  
  135  7:30  Supply Depot  
  130  7:37  Marine  
  130  7:38  Barracks Reactor  
  130  7:39  Barracks Reactor  
  130  7:42  Marine x2  
  131  7:47  Marine x2  
  131  7:48  Siege Tank  
  136  7:53  Supply Depot  
  136  7:54  Sensor Tower  
  136  7:55  Marine, Siege Tank  
  140  8:00  Marine x2, Terran Infantry Weapons Level 2  
  140  8:05  Marine x2  
  143  8:12  Marine  
  143  8:17  Marine  
  143  8:18  Marine  
  121  8:20  Marine, Siege Tank  
  121  8:23  Marine x2  
  121  8:26  Medivac x2  
  121  8:27  Marine  
  121  8:30  Marine  
  123  8:35  Marine x2, Siege Tank  
  123  8:36  Marine x2  
  123  8:37  Command Center  
  123  8:38  Marine  
  123  8:40  Marine  
  123  8:41  Marine  
  133  8:42  Terran Infantry Armor Level 2  
  133  8:46  Terran Vehicle And Ship Armor Level 1, Marine  
  134  8:55  Marine  
  135  8:56  Siege Tank  
  135  8:58  Marine x2  
  135  9:02  Marine x4  
  142  9:03  Marine  
  142  9:04  Marine  
  142  9:07  Siege Tank  
  149  9:12  Marine  
  149  9:13  Supply Depot  
  149  9:14  Supply Depot  
  149  9:16  Marine x2  
  152  9:20  Marine x3  
  152  9:21  Marine  
  152  9:24  Sensor Tower  
  155  9:26  Marine x2  
  155  9:28  Siege Tank  
  155  9:30  Marine  
  154  9:37  Marine x2  
  154  9:38  Marine  
  150  9:39  Siege Tank  
  150  9:41  Marine  
  150  9:44  Marine  
  150  9:45  Marine  
  150  9:46  Marine x2  
  150  9:48  Marine  
  146  9:54  Marine x2  
  146  9:55  Marine  
  146  9:59  Marine  
  150  10:00  Siege Tank  
  150  10:02  Marine  
  150  10:03  Marine  
  150  10:04  Liberator  
  158  10:08  Liberator  
  158  10:11  Siege Tank  
  162  10:14  Factory  
  162  10:18  Marine  
  162  10:19  Marine x2  
  162  10:20  Marine  
  162  10:23  Marine  
  161  10:33  Siege Tank  
  161  10:35  Marine x2  
  166  10:36  Marine x2  
  166  10:39  Marine x2  
  168  10:43  Siege Tank  
  168  10:45  Marine  
  168  10:47  Medivac, Marine x2  
  176  10:51  Medivac, Planetary Fortress  
  176  10:52  Marine  
  176  10:53  Marine  
  176  10:54  SCV x2, Marine  
  176  10:55  SCV  
  184  11:03  Factory Tech Lab  
  181  11:05  Marine x2  
  181  11:06  SCV  
  181  11:07  SCV x2, Siege Tank  
  189  11:15  Siege Tank  
  189  11:16  Marine  
  189  11:17  Medivac, Marine  
  196  11:19  SCV  
  196  11:24  SCV x2  
  176  11:28  SCV  
  176  11:30  Siege Tank  
  176  11:32  SCV  
  152  11:33  Marine  
  152  11:36  SCV  
  152  11:37  SCV  
  148  11:41  SCV  
  148  11:42  Siege Tank  
  148  11:44  SCV  
  153  11:47  Marine, Siege Tank  
  153  11:48  SCV, Marine  
  153  11:50  Marine x3  
  153  11:53  SCV x2  
  164  11:56  SCV, Marine x2  
  164  12:01  SCV  
  166  12:02  Marine x2  
  166  12:03  Siege Tank  
  166  12:05  SCV, Marine x2  
  166  12:08  Marine x3  
  175  12:13  Marine  
  175  12:14  Marine, Siege Tank  
  182  12:17  SCV  
  182  12:20  Marine x2  
  182  12:23  Marine x2  
  182  12:25  Terran Infantry Weapons Level 3  
  182  12:26  Marine  
  185  12:32  Siege Tank  
  188  12:46  Marine x3  
  188  12:50  Marine x4, Siege Tank  
  195  12:53  Siege Tank  
  195  13:06  Marine  
  195  13:11  Marine x2, Siege Tank  
  173  13:22  Siege Tank  
  173  13:25  Siege Tank  
  173  13:26  Marine  
  174  13:28  Command Center  
  174  13:30  Barracks x2  
  174  13:31  Barracks  
  171  13:39  Marine x2  
  171  13:41  Marine x6  
  175  13:43  Siege Tank  
  175  13:44  Marine  
  175  13:46  Medivac  
  175  13:47  Medivac  
  160  13:54  Siege Tank  
  154  13:57  Marine x2, Refinery x2, Siege Tank  
  154  13:58  Marine  
  154  13:59  Marine x3  
  154  14:01  Marine  
  154  14:02  Marine x2  
  163  14:15  Marine x2, Siege Tank  
  163  14:16  Marine x2  
  163  14:17  Marine x4  
  170  14:19  Marine  
  175  14:24  Sensor Tower  
  175  14:27  Siege Tank  
  175  14:28  Marine x2, Terran Infantry Armor Level 3  
  175  14:29  Siege Tank  
  182  14:38  Marine  
  182  14:39  Marine  
  182  14:40  Marine x2  
  182  14:41  Marine x2  
  163  14:46  Ghost Academy  
  163  14:47  Marine, Siege Tank  
  163  14:48  Marine  
  163  14:50  Marine x3  
  163  14:51  Marine  
  162  14:54  Liberator x2  
  162  14:56  Marine  
  162  14:58  Marine  
  162  14:59  Marine x2  
  172  15:05  Terran Vehicle Weapons Level 1  
  172  15:06  Siege Tank  
  172  15:09  Marine x2  
  172  15:10  Marine  
  172  15:13  Siege Tank  
  172  15:14  Marine  
  172  15:19  Siege Tank  
  171  15:24  Marine x2  
  156  15:28  Marine  
  156  15:32  Marine x2  
  156  15:33  Marine x2  
  161  15:37  Medivac x2, Orbital Command  
  161  15:40  Siege Tank  
  159  15:44  Marine x2  
  159  15:45  Marine  
  162  15:51  Siege Tank  
  165  16:02  Siege Tank  
  168  16:07  Medivac  
  155  16:13  Marine x2, Siege Tank  
  155  16:14  Marine x2  
  143  16:19  Marine x2  
  143  16:23  Siege Tank  
  148  16:26  Planetary Fortress  
  148  16:31  Marine  
  148  16:32  Marine x2  
  147  16:34  Siege Tank  
  147  16:36  Marine x2  
  150  16:43  Marine  
  150  16:44  Marine x3  
  150  16:45  Siege Tank  
  155  16:53  Marine x2  
  143  16:55  Siege Tank  
  143  16:56  Marine x4  
  141  17:06  Siege Tank  
  141  17:07  Marine  
  140  17:08  Marine  
  140  17:09  Marine, Missile Turret  
  140  17:10  Marine  
  141  17:17  Marine  
  141  17:20  Marine x2  

Tags
 
Add a new tag
Caveats
  • Supply blocks, unpowered buildings, or Contaminate may cause inaccurate times.
  • Supply counts are checked every 10 seconds.